 Dungeon Crawl Stone Soup version 0.24.1-5-g77f818bfca (webtiles) character file.

Game seed: 10723844334639666681, levelgen mode: deterministic

2045 Amplified the Chiller (level 9, -2/50 HPs)
             Began as a Vine Stalker Ice Elementalist on Apr 22, 2020.
             Was an Elder of Sif Muna.
             Slain by an ice beast (6 damage)
             ... on level 7 of the Dungeon on Apr 24, 2020.
             The game lasted 00:18:23 (5750 turns).

Amplified the Chiller (VSIE)                        Turns: 5750, Time: 00:18:23

Health: -2/50      AC:  9    Str: 12    XL:     9   Next: 24%
Magic:  0/17       EV: 13    Int: 20    God:    Sif Muna [****..]
Gold:   263        SH:  2    Dex: 14    Spells: 7/18 levels left

rFire    . . .     SeeInvis .   f - +2 whip (venom)
rCold    . . .     Gourm    .   (no shield)
rNeg     . . .     Faith    .   F - +2 leather armour {rPois}
rPois    +         Spirit   +   (helmet restricted)
rElec    .         Reflect  +   i - +0 cloak
rCorr    .         Harm     .   (no gloves)
MR       +....                  B - +2 pair of boots
Stlth    +.........             A - +2 amulet of reflection
HPRegen  0.56/turn              l - ring of flight
MPRegen  0.15/turn              (no ring)

@: heavily drained
A: antennae 1, fangs 3, clever 1, regeneration 1, robust 1, magic shield,
antimagic bite, no potion heal 3, rot immunity
a: Channel Magic, Forget Spell, Divine Exegesis, Renounce Religion, Evoke Flight


You were on level 7 of the Dungeon.
You worshipped Sif Muna.
Sif Muna was greatly pleased with you.
You were hungry.

You visited 1 branch of the dungeon, and saw 7 of its levels.
You also visited: Sewer.

You collected 263 gold pieces.

Inventory:

Hand Weapons
 f - a +2 whip of venom (weapon)
Missiles
 g - 66 sling bullets
 j - 288 stones (quivered)
Armour
 i - a +0 cloak (worn)
 B - a +2 pair of boots (worn)
 F - a +2 leather armour of poison resistance (worn)
Magical Staves
 y - an uncursed staff of cold
Jewellery
 e - an uncursed amulet of harm
 l - a ring of flight (left hand)
 A - a +2 amulet of reflection (around neck)
Wands
 b - a wand of clouds (4)
 k - a wand of acid (1)
 p - a wand of digging (5)
 E - a wand of flame (18)
Scrolls
 r - a scroll of blinking
 s - 2 scrolls of fear
 t - 3 scrolls of fog
 u - 2 scrolls of teleportation
 v - 2 scrolls of magic mapping
 w - 2 scrolls of remove curse
 x - 2 scrolls of identify
 C - a scroll of amnesia
Potions
 a - a potion of lignification {unknown}
 d - a potion of flight
 m - 3 potions of magic
 n - 2 potions of might
 o - a potion of ambrosia
 q - a potion of curing
 D - a potion of cancellation
Comestibles
 c - 9 rations
 h - 4 chunks of flesh


   Skills:
 * Level 4.5(3.2) Fighting
 * Level 3.9(2.6) Armour
 * Level 4.4(3.1) Dodging
 - Level 2.4(1.1) Stealth
 * Level 5.1(3.8) Spellcasting
 * Level 3.9(2.6) Conjurations
 * Level 5.6(4.3) Ice Magic


You had 7 spell levels left.
You knew the following spells:

 Your Spells              Type           Power        Failure   Level  Hunger
a - Freeze                Ice            ###.         2%          1    None
b - Ozocubu's Armour      Chrm/Ice       ##......     21%         3    ###....
c - Mephitic Cloud        Conj/Pois/Air  #.......     34%         3    ###....
d - Throw Icicle          Conj/Ice       ###.....     36%         4    ####...

Your spell library contained the following spells:

 Spells                   Type           Power        Failure   Level  Hunger
 Magic Dart               Conj           ##..         5%          1    None
 Throw Frost              Conj/Ice       ###...       6%          2    ##.....
 Blink                    Tloc           N/A          26%         2    ##.....
 Call Imp                 Summ           #.......     26%         2    ##.....
 Slow                     Hex            #.......     26%         2    ##.....
 Conjure Flame            Conj/Fire      #.......     28%         3    ###....
 Summon Ice Beast         Ice/Summ       ##......     56%         4    ####...


Dungeon Overview and Level Annotations

Branches:
Dungeon (7/15)             Temple (0/1) D:6           Sewer (visited)

Altars:
Ashenzari
Dithmenos
Elyvilon
Fedhas
Kikubaaqudgha
Makhleb
Okawaru
Sif Muna
Uskayaw


Innate Abilities, Weirdness & Mutations

You have razor-sharp teeth.
Your natural rate of healing is unusually fast.
When hurt, damage is shared between your health and your magic reserves.
Your bite disrupts and absorbs the magic of your enemies.
Potions cannot restore your health.
You are immune to rotting.
You have a pair of small antennae on your head.
Your mind is acute. (Int +2)
You are robust. (+10% HP)


Message History

The ice beast hits you. The ice beast freezes you!
* * * LOW HITPOINT WARNING * * *
Your icy armour cracks and falls away as you move.
The ice beast hits you but does no damage.
Things that are here:
a cursed -1 flail; a +0 war axe Evoke which item? (* to show all) (? for menu, Esc to quit)
Aiming: Cloud Cone
Press: ? - help, Dir - move target cursor, f/p - ice beast
Aim: an ice beast You create a blast of poison gas!
The ice beast misses you. The ice beast hits you. The ice beast freezes you!
* * * LOW HITPOINT WARNING * * *
You barely miss the ice beast.
You bite the ice beast, but do no damage.
The ice beast hits you.
* * * LOW HITPOINT WARNING * * *
The ice beast freezes you.
You die...

#. #. # #. #.####.
#...... #......
.......#################
#?....§§§Y@.))......<#
.)..##.#################
. #. #. #. #. #. #.


You could see an ice beast.

Vanquished Creatures
  A hippogriff (D:6)
  A sky beast (D:5)
  An orc warrior (D:6)
  3 ogres (D:6)
  A centaur (D:5)
  4 bullfrogs
  A wyvern zombie (D:7)
  2 howler monkeys (D:7)
  A centaur zombie (D:5)
  3 crimson imps
  A jelly (D:5)
  2 bullfrog zombies (D:6)
  3 orc priests
  3 hounds
  A gnoll shaman (D:5)
  An iguana (D:6)
  An orc wizard (D:5)
  2 worker ants
  A hound skeleton (D:5)
  6 gnolls
  10 adders
  9 river rats
  An ooze (D:2)
  2 adder skeletons
  6 worms
  A leopard gecko (D:3)
  25 orcs
  17 ball pythons
  3 giant cockroaches
  6 goblins
  5 hobgoblins
  9 jackals
  8 kobolds
  A quokka (D:3)
  5 bats
  4 frilled lizards
  A quokka zombie (D:7)
  34 rats
186 creatures vanquished.

Notes
Turn   | Place    | Note
-------+----------+-------------------------------------------
     0 | D:1      | Amplified the Vine Stalker Ice Elementalist began the quest
                  | for the Orb.
     0 | D:1      | Reached XP level 1. HP: 9/9 MP: 4/4
   332 | D:1      | Reached XP level 2. HP: 14/14 MP: 3/6
   548 | D:1      | Reached skill level 1 in Fighting
  1125 | D:2      | Found a hide-covered altar of Uskayaw.
  1128 | D:2      | Noticed a +0 hand axe
  1130 | D:2      | Noticed a +0 dagger
  1178 | D:2      | Found a shimmering blue altar of Sif Muna.
  1181 | D:2      | Became a worshipper of Sif Muna the Loreminder
  1220 | D:2      | Reached XP level 3. HP: 18/18 MP: 4/7
  1236 | D:2      | Reached skill level 1 in Armour
  1296 | D:2      | Found a white marble altar of Elyvilon.
  1384 | D:2      | Found a shattered altar of Ashenzari.
  1598 | D:2      | Learned a level 3 spell: Ozocubu's Armour
  1763 | D:2      | Learned a level 2 spell: Throw Frost
  1928 | D:2      | Gained mutation: Your mind is acute. (Int +2) [potion of
                  | mutation]
  1928 | D:2      | Gained mutation: You have a pair of small antennae on your
                  | head. [potion of mutation]
  1928 | D:2      | Gained mutation: You are robust. (+10% HP) [potion of
                  | mutation]
  2447 | D:3      | Gained mutation: Your natural rate of healing is unusually
                  | fast. [Vine Stalker growth]
  2447 | D:3      | Reached XP level 4. HP: 18/24 MP: 3/8
  2474 | D:3      | Reached * piety under Sif Muna
  2535 | D:3      | Reached XP level 5. HP: 18/28 MP: 2/9
  2575 | D:3      | Found a glowing drain.
  2582 | Sewer    | Entered a sewer
  2702 | Sewer    | Reached ** piety under Sif Muna
  2879 | Sewer    | Reached XP level 6. HP: 33/33 MP: 11/11
  2966 | Sewer    | Reached *** piety under Sif Muna
  3060 | Sewer    | Learned a level 4 spell: Throw Icicle
  3434 | D:3      | Reached XP level 7. HP: 38/38 MP: 13/13
  3751 | D:4      | Found an ancient bone altar of Kikubaaqudgha.
  3751 | D:4      | Found a blossoming altar of Fedhas.
  3979 | D:5      | Entered Level 5 of the Dungeon
  4168 | D:5      | Learned a level 3 spell: Mephitic Cloud
  4170 | D:5      | Found a burning altar of Makhleb.
  4330 | D:5      | Gained mutation: You have razor-sharp teeth. [Vine Stalker
                  | growth]
  4330 | D:5      | Reached XP level 8. HP: 43/44 MP: 6/15
  4358 | D:5      | Found an iron altar of Okawaru.
  4472 | D:5      | Reached **** piety under Sif Muna
  4766 | D:6      | Found a shadowy altar of Dithmenos.
  4791 | D:6      | Reached skill level 5 in Ice Magic
  4970 | D:6      | Noticed a hippogriff
  4982 | D:6      | Killed a hippogriff
  4982 | D:6      | Reached XP level 9. HP: 17/49 MP: 0/17
  5078 | D:6      | Reached skill level 5 in Spellcasting
  5534 | D:6      | Found a staircase to the Ecumenical Temple.
  5750 | D:7      | Slain by an ice beast

Levels and vault maps discovered:
D:1:      giann_horns, layout_loops_ring
D:2:      layout_loops_ring, dancing_weapons_uskayaw, elyvilon_altar_4,
          lemuel_blue_sif_altar, nicolae_ashenzari_panopticon, first_ration,
          minmay_misc_feat_x, kennysheep_generic_room_10
D:3:      layout_loops_corners, lightli_sewer_entry_pipes
D:4:      layout_basic, grunt_temple_overflow_growth_and_decay,
          yredelemnul_forgotten_temple_becter, minmay_manual_mess
D:5:      layout_basic, okawaru_ov_weapons_minmay, makhleb_heckhound_becter
D:6:      layout_layer_cave, minmay_temple_entry_statues_pillars,
          hangedman_decor_opposing, grunt_dithmenos_smoke_and_mirrors
D:7:      layout_basic

Skill      XL: |  1  2  3  4  5  6  7  8  9 |
---------------+----------------------------+-----
Fighting       | 1 2 3 4 |  4.5
Dodging        | 2 3 4 |  4.4
Armour         | 1 2 3 |  3.9
Spellcasting   | 3 4 5 |  5.1
Ice Magic      | 4 5 |  5.6
Conjurations   | 2 3 |  3.9
Stealth        | |  2.4

Action                   |  1- 3 |  4- 6 |  7- 9 || total
-------------------------+-------+-------+-------++-------
Melee: Unarmed           |    58 |       |       ||    58
       Bite              |    14 |    28 |    24 ||    66
       Whip              |    16 |   151 |    71 ||   238
       Staff             |       |       |    33 ||    33
Throw: Stone             |     6 |     1 |     1 ||     8
 Cast: Freeze            |    54 |    28 |    84 ||   166
       Throw Frost       |     7 |       |       ||     7
       Throw Icicle      |       |       |     7 ||     7
       Ozocubu's Armour  |       |       |     3 ||     3
       Mephitic Cloud    |       |       |     1 ||     1
Invok: Channel Magic     |       |       |     1 ||     1
Evoke: Wand              |     1 |     4 |     5 ||    10
  Use: Potion            |     4 |     3 |     2 ||     9
       Scroll            |     6 |     5 |     8 ||    19
 Stab: Sleeping          |     4 |     4 |     3 ||    11
  Eat: Chunk             |     5 |     5 |     2 ||    12
       Ration            |       |       |     2 ||     2
Armor: Robe              |    12 |    34 |    46 ||    92
       Leather armour    |       |       |     9 ||     9
Dodge: Dodged            |    89 |   124 |   118 ||   331
Block: Other             |       |       |     1 ||     1
